 Dungeon Crawl Stone Soup version 0.29.1-12-g30fa7ad0bf (webtiles) character file.

Game seed: 5440126752931751386

51 112233 the Conjurer (level 3, -2/19 HPs)
             Began as a Tengu Conjurer on Dec 20, 2022.
             Killed from afar by Natasha (6 damage)
             ... with a magic dart
             ... on level 3 of the Dungeon.
             The game lasted 00:02:27 (2143 turns).

112233 the Conjurer (Tengu Conjurer)                Turns: 2143, Time: 00:02:27

Health: -2/19      AC:  3    Str:  7    XL:     3   Next: 83%
Magic:  6/8        EV: 12    Int: 20    God:
Gold:   127        SH:  0    Dex: 12    Spells: 4/7 levels left

rFire   . . .      SeeInvis .   b - +2 dagger (elec)
rCold   . . .      Faith    .   (no shield)
rNeg    . . .      Spirit   .   a - +0 robe
rPois   .          Reflect  .   (helmet restricted)
rElec   .          Harm     .   (no cloak)
rCorr   .          Rampage  .   o - +0 pair of gloves
Will    .....                   (boots unavailable)
Stlth   +.........              (no amulet)
HPRegen 0.06/turn               (no ring)
MPRegen 0.11/turn               (no ring)

@: very slow
A: beak, talons 3
a: no special abilities


You were on level 3 of the Dungeon.
You visited 1 branch of the dungeon, and saw 3 of its levels.
You also visited: Sewer.

You collected 127 gold pieces.

Inventory:

Hand Weapons
 b - a +2 dagger of electrocution (weapon)
Missiles
 h - 3 silver boomerangs
Armour
 a - a +0 robe (worn)
 o - a +0 pair of gloves (worn)
Magical Staves
 f - a staff of cold
Scrolls
 c - a scroll of noise {unknown}
 e - a scroll of immolation {unknown}
 g - a scroll of amnesia {unknown}
 i - a scroll of fear {unknown}
 q - a scroll of poison {unknown}
Potions
 d - a potion of haste {unknown}
 j - a potion of ambrosia {unknown}
 k - a potion of curing {unknown}
 l - a potion of flight {unknown}
 m - a potion of brilliance {unknown}
 n - a potion of lignification {unknown}
 p - a potion of mutation {unknown}


   Skills:
 + Level 2.8 Dodging
 - Level 2.1 Stealth
 * Level 2.9 Spellcasting
 + Level 5.8 Conjurations


You had 4 spell levels left.
You knew the following spells:

 Your Spells              Type           Power      Damage    Failure   Level
a - Magic Dart            Conj           100%       1d8       1%          1
b - Searing Ray           Conj           52%        2d6       1%          2

Your spell library contained the following spells:

 Spells                   Type           Power      Damage    Failure   Level
 Dazzling Flash           Conj/Hex       28%        N/A       13%         3
 Gell's Gravitas          Tloc           2%         N/A       41%         3
 Lesser Beckoning         Tloc           2%         N/A       41%         3
 Teleport Other           Tloc           2%         N/A       41%         3
 Fulminant Prism          Conj/Hex       7%         3d7       41%         4
 Iskenderun's Mystic Bla  Conj/Tloc      14%        2d5       41%         4


Dungeon Overview and Level Annotations

Branches:
Dungeon (3/15)              Sewer (visited)

Altars:
Fedhas

Annotations:
D:2 1 runed translucent door, Crazy Yiuf, Sigmund
D:3 Natasha


Innate Abilities, Weirdness & Mutations

You have a beak for a mouth.
You have claws for feet.


Message History

A kobold comes into view. It is wielding a +0 short sword.
Casting: Searing Ray (safe; 1% risk of failure)
Confirm with . or Enter, or press ? or * to list all spells.
Aiming: Searing Ray (safe; 1% risk of failure)
Press: ? - help, Shift-Dir - straight line, f - kobold
Aim: a kobold, wielding a +0 short sword and quivering stones (asleep, 100% to hit)
The searing ray hits the kobold!
You kill the kobold! (Press . to maintain the ray.)
There is an open door here.
Things that are here:
a +0 short sword; 2 stones
There is an open door here.
There is an empty arch of ancient stone here.
There is a gate leading back out of this place here.
Okay, then.
Unknown command.
Welcome back to the Dungeon!
Level annotation: Natasha The worm bites you!
There is a collapsed entrance, spattered with blood here.
Okay, then.
Casting: Searing Ray (safe; 1% risk of failure)
Confirm with . or Enter, or press ? or * to list all spells.
Aiming: Searing Ray (safe; 1% risk of failure)
Press: ? - help, Shift-Dir - straight line, f - worm
Aim: a worm (93% to hit)
The searing ray hits the worm.
The worm is lightly wounded. (Press . to maintain the ray.) Natasha casts a spell at you.
The magic dart hits you!
* * * LOW HITPOINT WARNING * * *
Okay, then.
The goblin shoots a sling bullet.
The sling bullet closely misses you.
You enter the shallow water.
Moving in this stuff is going to be slow.
Natasha casts a spell at you. The magic dart hits you.
You die...

#.# ######.#### #.
)....... ##. #.
#~~~~≈# ...
#.##~~.~~##.###
#.~≈.....≈h.<..
#.~~.....~~....
#.≈~...........
#.≈@....)≈~....
#.~≈.w..~~g....
#.##~≈≈~≈##....
#.##≈~~≈≈##.(#+
#......~.....#
########.##.....#..
#...# #.##.###.#
#...# #.##!# ...
#...# #.##.# ##.#


You could see a worm, Natasha and a goblin.

Vanquished Creatures
  A river rat (D:3)
  A worm (D:2)
  3 dart slugs
  3 endoplasms
  2 goblins
  3 hobgoblins
  5 jackals
  3 ball pythons
  4 bats
  2 frilled lizards
  3 kobolds
  A rat (D:2)
31 creatures vanquished.

Notes
Turn   | Place    | Note
-------+----------+-------------------------------------------
     0 | D:1      | 112233 the Tengu Conjurer began the quest for the Orb.
     0 | D:1      | Reached XP level 1. HP: 10/10 MP: 4/4
   420 | D:1      | Reached XP level 2. HP: 15/15 MP: 3/6
   583 | D:1      | Found a faded altar of an unknown god.
  1007 | D:1      | Learned a level 2 spell: Searing Ray
  1299 | D:2      | Reached XP level 3. HP: 19/19 MP: 5/7
  1326 | D:2      | Found a blossoming altar of Fedhas.
  1422 | D:2      | Noticed Sigmund
  1573 | D:2      | Found a runed translucent door.
  1574 | D:2      | Noticed Crazy Yiuf
  1826 | D:3      | Found a glowing drain.
  1842 | D:3      | Noticed Natasha
  1846 | Sewer    | Entered a sewer
  1978 | Sewer    | Noticed Pargi
  2143 | D:3      | Killed from afar by Natasha

Illustrated notes

Levels and vault maps discovered:
D:1:      minmay_arrival_open_corners, layout_basic,
          dreamdust_ecumenical_altar_grove
D:2:      layout_basic, basic_altar, minmay_randomly_rotated_circles,
          uniq_crazy_yiuf_cottage, uniq_sigmund, uniq_robin
D:3:      layout_basic, tgw_kikubaaqudgha, led_xom_imps,
          cheibrodos_sewer_entry_sluice, grunt_ministairs_6, uniq_natasha

Action                   || total
-------------------------++-------
Melee: Kick              ||     2
       Staff             ||     1
       Peck              ||     1
       Dagger            ||     1
 Cast: Magic Dart        ||    59
       Searing Ray       ||     5
  Use: Potion            ||     1
Armor: Robe              ||     4
Dodge: Dodged            ||    31
